 Dungeon Crawl Stone Soup version 0.29-a0-360-g8ed1089bbe (webtiles) character file.

Game seed: 7076983976187062514

3611 diecastcamel the Grappler (level 9, -6/88 HPs)
             Began as a Troll Fighter on Apr 28, 2022.
             Was an Elder of Okawaru.
             Mangled by a hornet (12 damage)
             ... while paralysed by a hornet
             ... on level 8 of the Dungeon.
             The game lasted 00:43:38 (6888 turns).

diecastcamel the Grappler (Troll Fighter)           Turns: 6888, Time: 00:43:39

Health: -6/88      AC:  4    Str: 32    XL:     9   Next: 86%
Magic:  8/8        EV:  1    Int:  4    God:    Okawaru [****..]
Gold:   578        SH:  0    Dex: 13    Spells: 8/8 levels left

rFire   . . .      SeeInvis .     - Unarmed
rCold   . . .      Faith    .   b - +1 kite shield
rNeg    . . .      Spirit   .   a - +0 robe
rPois   .          Reflect  .   (helmet restricted)
rElec   .          Harm     .   (no cloak)
rCorr   .          Rampage  .   (gloves unavailable)
Will    .....                   (boots unavailable)
Stlth   +.........              (no amulet)
HPRegen 1.04/turn               A - +6 ring of strength
MPRegen 0.11/turn               x - +4 ring of slaying

@: paralysed, mighty, lethally poisoned (-6 -> -23), slowed
A: large, unfitting armour, claws 3, regeneration 1, shaggy fur 1, tough skin 1
a: Renounce Religion, Heroism, Finesse


You were on level 8 of the Dungeon.
You worshipped Okawaru.
Okawaru was greatly pleased with you.
You visited 2 branches of the dungeon, and saw 10 of its levels.

You collected 578 gold pieces.

Inventory:

Hand Weapons
 E - a +2 vorpal flail
Missiles
 d - 4 boomerangs
 m - 25 poisoned darts (quivered)
 w - 4 javelins
 I - 15 large rocks
Armour
 a - a +0 robe (worn)
 b - a +1 kite shield (worn)
Jewellery
 k - a ring of willpower
 x - a +4 ring of slaying (right claw)
 A - a +6 ring of strength (left claw)
 B - a ring of protection from cold
 F - an amulet of guardian spirit
Wands
 p - a wand of iceblast (7)
 r - a wand of paralysis (25)
 y - a wand of flame (17)
 H - a wand of mindburst (14)
Scrolls
 e - a scroll of magic mapping
 g - 5 scrolls of enchant weapon
 i - 2 scrolls of enchant armour
 u - a scroll of torment {unknown}
 C - 8 scrolls of teleportation
Potions
 f - a potion of cancellation {unknown}
 h - 2 potions of attraction {unknown}
 j - 2 potions of curing {unknown}
 l - 3 potions of degeneration {unknown}
 n - a potion of heal wounds {unknown}
 q - 2 potions of invisibility {unknown}
 t - a potion of resistance {unknown}
 v - 4 potions of flight {unknown}
 z - 3 potions of magic {unknown}
 D - a potion of lignification {unknown}


   Skills:
 + Level 5.4 Fighting
 + Level 3.1 Throwing
 - Level 3.0 Armour
 + Level 5.1 Dodging
 + Level 5.1 Shields
 + Level 9.2 Unarmed Combat


You had 8 spell levels left.
You didn't know any spells.
Your spell library contained the following spells:

 Spells                   Type           Power      Damage    Failure   Level
 Beastly Appendage        Tmut           0%         N/A       77%         1
 Freeze                   Ice            0%         1d3       77%         1
 Sandblast                Erth           0%         2d4       77%         1
 Sting                    Tmut/Pois      0%         1d3       77%         1
 Passwall                 Tmut/Erth      0%         N/A       88%         2
 Poisonous Vapours        Pois/Air       0%         N/A       88%         2
 Frozen Ramparts          Ice            0%         1d2       98%         3
 Ignite Poison            Fire/Tmut/Pois 0%         N/A       98%         3
 Mephitic Cloud           Conj/Pois/Air  0%         N/A       98%         3
 Stone Arrow              Conj/Erth      0%         3d7       98%         3
 Ice Form                 Ice/Tmut       0%         N/A       100%        4
 Olgreb's Toxic Radiance  Pois           0%         N/A       100%        4
 Freezing Cloud           Conj/Ice/Air   0%         6-21      100%        5
 Animate Skeleton         Necr           Unusable   N/A       N/A         1
 Summon Small Mammal      Summ           Unusable   N/A       N/A         1
 Call Canine Familiar     Summ           Unusable   N/A       N/A         3
 Summon Guardian Golem    Hex/Summ       Unusable   N/A       N/A         3
 Summon Ice Beast         Ice/Summ       Unusable   N/A       N/A         4

Dungeon Overview and Level Annotations

Branches:
Dungeon (9/15)             Temple (1/1) D:4            Lair (0/6) D:8
    Orc: D:9-12

Altars:
Ashenzari
Cheibriados
Dithmenos
Elyvilon
Fedhas
Gozag
Hepliaklqana
Kikubaaqudgha
Nemelex Xobeh
Okawaru
Qazlal
Ru
Sif Muna
Trog
Uskayaw
Vehumet
Wu Jian
Xom
Yredelemnul
Zin
The Shining One

Shops:
D:5 *

Annotations:
D:5 2 runed translucent doors, siradein's ghost, novice DEFE


Innate Abilities, Weirdness & Mutations

You are too large for most types of armour.
You have claws for hands.
Your natural rate of healing is unusually fast.
You are covered in fur. (AC +1)
You have tough skin. (AC +1)


Message History

You feel yourself slow down.
You mangle the hornet!!
The hornet is severely wounded.
You feel yourself speed up. You block the hornet's attack.
The hornet stings you!
You suddenly lose the ability to move!
You can move again.
You barely miss the hornet.
The hornet is severely wounded.
The hornet stings you.
You feel yourself slow down.
You barely miss the hornet.
The hornet is severely wounded.
You feel yourself speed up. The hornet stings you!
You are poisoned.
You feel yourself slow down. You block the hornet's attack.
The hornet stings you.
You feel as though you will be slow longer.
You claw the hornet!
The hornet is almost dead.
You feel very sick. The hornet stings you!
You are more poisoned.
You feel as though you will be slow longer.
The hornet stings you!
You are more poisoned.
You feel as though you will be slow longer.
You closely miss the hornet.
The hornet is almost dead.
You feel extremely sick. The hornet stings you!
* * * LOW HITPOINT WARNING * * *
You are lethally poisoned!
You suddenly lose the ability to move!
The hornet stings you!
* * * LOW HITPOINT WARNING * * *
You feel as though you will be slow longer.
* * * LOW HITPOINT WARNING * * *
You feel extremely sick. The hornet stings you!
You die...

###........###...##.#
##.....#....###....###
#.....##.....#....##
##............#.....#
#................#..#
##..............###.##
##..............## #..
#...............#
#.......@........#
#.......y.......### ###
###.........$....#..##..
###.#....>........#..#
#..#.............#..#
#...................#
#.#...........$.....##
.(.................#
/##............


You could see a hornet.

Vanquished Creatures
  A komodo dragon (D:8)
  A wyvern (D:8)
  A steam dragon (D:8)
  A water moccasin (D:8)
  An ice beast (D:6)
  4 black bears
  2 orc warriors
  A sky beast (D:6)
  An ogre (D:6)
  2 centaurs
  3 phantoms
  2 necrophages
  4 bullfrogs
  3 scorpions
  5 wights
  5 orc priests
  6 hounds
  A jelly (D:6)
  Ijyb (D:4)
  5 iguanas
  8 orc wizards
  Robin (D:2)
  6 adders
  A gnoll (D:5)
  A white imp (D:5)
  2 ufetubi
  A dart slug (D:1)
  29 orcs
  5 endoplasms
  2 giant cockroaches
  23 goblins
  17 hobgoblins
  A jackal (D:5)
  8 quokkas
  10 ball pythons
  3 bats
  8 frilled lizards
  15 kobolds
  7 rats
198 creatures vanquished.

Vanquished Creatures (others)
  8 plants
8 creatures vanquished.

Grand Total: 206 creatures vanquished

Notes
Turn   | Place    | Note
-------+----------+-------------------------------------------
     0 | D:1      | diecastcamel the Troll Fighter began the quest for the Orb.
     0 | D:1      | Reached XP level 1. HP: 22/22 MP: 0/0
   270 | D:1      | Found a faded altar of an unknown god.
   421 | D:1      | Reached XP level 2. HP: 29/29 MP: 1/1
   871 | D:1      | Reached skill level 3 in Unarmed Combat
  1086 | D:2      | Reached XP level 3. HP: 36/36 MP: 2/2
  1888 | D:2      | Noticed Robin
  1894 | D:2      | Killed Robin
  1895 | D:2      | Reached XP level 4. HP: 45/45 MP: 3/3
  2159 | D:3      | Reached skill level 4 in Unarmed Combat
  2257 | D:3      | Found a shadowy altar of Dithmenos.
  2257 | D:3      | Found an ornate altar of the Wu Jian Council.
  2282 | D:3      | Found a radiant altar of Vehumet.
  2284 | D:3      | Found a snail-covered altar of Cheibriados.
  2302 | D:3      | Found a hide-covered altar of Uskayaw.
  2468 | D:3      | Got First Steps in Wizardry
  2880 | D:4      | Found a staircase to the Ecumenical Temple.
  2889 | Temple   | Entered the Ecumenical Temple
  2980 | Temple   | Became a worshipper of Warmaster Okawaru
  3108 | D:4      | Found a sacrificial altar of Ru.
  3235 | D:4      | Reached skill level 5 in Unarmed Combat
  3235 | D:4      | Reached XP level 5. HP: 51/53 MP: 4/4
  3432 | D:4      | Found a sparkling altar of Nemelex Xobeh.
  3511 | D:4      | Reached skill level 6 in Unarmed Combat
  3511 | D:4      | Reached XP level 6. HP: 61/61 MP: 5/5
  3584 | D:4      | Noticed Ijyb
  3594 | D:4      | Killed Ijyb
  3594 | D:4      | Reached * piety under Okawaru
  3768 | D:5      | Entered Level 5 of the Dungeon
  3807 | D:5      | Found a large runed translucent door.
  3842 | D:5      | Found a large runed translucent door.
  3843 | D:5      | Noticed siradein's ghost (novice DEFE)
  3940 | D:5      | Noticed an orc warrior
  3962 | D:5      | Killed an orc warrior
  3963 | D:5      | Reached skill level 7 in Unarmed Combat
  4009 | D:5      | Reached XP level 7. HP: 66/67 MP: 6/6
  4090 | D:5      | Found Eluashya's Fire Supplies.
  4316 | D:5      | Reached ** piety under Okawaru
  4326 | D:5      | Found a broken altar of Ashenzari.
  4405 | D:5      | Found a glowing silver altar of Zin.
  4405 | D:5      | Found a glowing golden altar of the Shining One.
  4405 | D:5      | Found a white marble altar of Elyvilon.
  4433 | D:5      | Reached skill level 1 in Armour
  5076 | D:6      | Reached XP level 8. HP: 73/78 MP: 7/7
  5267 | D:6      | Reached skill level 8 in Unarmed Combat
  5374 | D:6      | Reached *** piety under Okawaru
  5683 | D:6      | Reached XP level 9. HP: 80/85 MP: 8/8
  5689 | D:6      | Reached skill level 1 in Throwing
  5692 | D:6      | Received a gift from Okawaru
  5828 | D:6      | Found a shimmering blue altar of Sif Muna.
  6370 | D:7      | Reached skill level 5 in Fighting
  6556 | D:8      | Reached **** piety under Okawaru
  6556 | D:8      | Received a gift from Okawaru
  6557 | D:8      | Reached skill level 9 in Unarmed Combat
  6652 | D:8      | Noticed a komodo dragon
  6661 | D:8      | Killed a komodo dragon
  6662 | D:8      | Reached skill level 5 in Dodging
  6662 | D:8      | Reached skill level 5 in Shields
  6670 | D:8      | Found a staircase to the Lair.
  6883 | D:8      | Paralysed by a hornet for 1 turns
  6887 | D:8      | Paralysed by a hornet for 3 turns
  6888 | D:8      | Mangled by a hornet

Illustrated notes

Levels and vault maps discovered:
D:1:      psy_arrival_terrarium, layout_loops_corners,
          ebering_ecumenical_altar_abandoned, chequers_serial_rivers_micro_c,
          dreamdust_wishing_well, minmay_fountain_box
D:2:      layout_basic, minmay_goblin_kobold_house, uniq_robin
D:3:      layout_basic, chequers_temple_overflow_minitemple
D:4:      layout_loops_cross, nemelex_spade_bored_becter,
          mainiacjoe_overflow_catwalk, minmay_temple_entry_arrows, uniq_ijyb
D:5:      corexii_shantytown, layout_cave_pools, good_gods_mini_temple,
          cheibrodos_ashenzari_chains, ebering_ghost_disaster_area,
          nicolae_shop_fire_sale [nicolae_sub_dead_trees], st_stairs_12,
          guppyfry_early_orc_mine
D:6:      layout_cave_pools, led_sif_book, minmay_joined_circles
D:7:      layout_cave_pools
D:8:      layout_cave_pools, david_lair_shrubbed,
          amcnicky_mini_rare_corridor_liquid
D:9:      minmay_the_grid_octo_tiled_octocenter [minmay_the_grid_octo_teeth,
          minmay_the_grid_octo_horde, minmay_the_grid_octo_checkerflower,
          minmay_the_grid_octo_thin_diamonds,
          minmay_the_grid_octo_prize_single_spiral,
          minmay_the_grid_square_5x5_shrine1,
          minmay_the_grid_square_5x5_eight_small,
          minmay_the_grid_square_5x5_hourglass,
          minmay_the_grid_square_5x5_half_checkered], layout_basic,
          makhleb_altar_promises_db, serial_curves, eino_curves_01,
          eino_curves_04, eino_curves_04, chequers_arboretum, uniq_psyche
Temple:   dpeg_three_leaves_temple

Skill      XL: |  1  2  3  4  5  6  7  8  9 |
---------------+----------------------------+-----
Unarmed Combat | 3 5 6 7 8 9 |  9.2
Fighting       | 3 4 5 |  5.4
Armour         | 1 3 |  3.0
Dodging        | 3 4 5 |  5.1
Shields        | 3 4 5 |  5.1
Throwing       | 3 |  3.1

Action                   |  1- 3 |  4- 6 |  7- 9 || total
-------------------------+-------+-------+-------++-------
Melee: Unarmed           |   117 |   138 |   239 ||   494
Throw: Boomerang         |     8 |     3 |     2 ||    13
       Large rock        |       |       |     7 ||     7
       Dart              |       |       |     5 ||     5
Invok: Heroism           |       |     1 |     3 ||     4
Evoke: Wand              |       |       |     1 ||     1
  Use: Scroll            |     1 |     4 |     4 ||     9
       Potion            |       |       |     1 ||     1
 Stab: Distracted        |       |       |     1 ||     1
       Sleeping          |       |       |     1 ||     1
Armor: Robe              |    20 |    23 |    33 ||    76
Dodge: Dodged            |    29 |    28 |    59 ||   116
Block: Kite shield       |    28 |    39 |    80 ||   147

Table legend: (Time is in decaauts)
 A = Elapsed time spent in this place.
 B = Non-inter-level travel time spent in this place.
 C = Inter-level travel time spent in this place.
 D = Time resting spent in this place.
 E = Time spent auto-exploring this place.
 F = Levels seen in this place.
 G = Mean time per level.
                   A        B        C        D        E       F      G
               +--------+--------+--------+--------+--------+-----+--------+
         Total |   6923 |   6427 |    496 |    335 |   4175 |  10 |  692.3 |
       Dungeon |   6819 |   6359 |    460 |    335 |   4117 |   9 |  757.7 |
        Temple |    103 |     67 |     36 |      0 |     58 |   1 |  103.0 |
               +--------+--------+--------+--------+--------+-----+--------+

Top non-repeatable levels by time:
     D:5: 1194 daAuts
     D:1: 1032 daAuts
     D:2: 1025 daAuts
     D:6: 976 daAuts
     D:4: 857 daAuts
     D:3: 773 daAuts
     D:7: 672 daAuts
     D:8: 208 daAuts
  Temple: 103 daAuts
     D:9: 79 daAuts
